 Dungeon Crawl Stone Soup version 0.31-a0-408-gb642c7f9a3 (webtiles) character file.

Game seed: 16599155539113431012

16 shadowstone the Conjurer (level 2, -2/15 HPs)
             Began as a Vine Stalker Reaver on July 29, 2023.
             Slain by Robin
             ... wielding a +0 spear
              (4 damage)
             ... on level 2 of the Dungeon.
             The game lasted 00:02:47 (483 turns).

shadowstone the Conjurer (Vine Stalker Reaver)       Turns: 483, Time: 00:02:48

Health: -2/15      AC:  5    Str: 14    XL:     2   Next: 58%
Magic:  0/6        EV: 10    Int: 13    God:
Gold:   41         SH:  0    Dex: 12    Spells: 4/5 levels left

rFire   . . .        a - +0 falchion
rCold   . . .        (no shield)
rNeg    . . .        f - +0 ring mail
rPois   .            (no helmet)
rElec   .            (no cloak)
rCorr   .            (no gloves)
SInv    .            (no boots)
Will    .....        (no amulet)
Stlth   +            (no ring)
HPRegen 0.22/turn    (no ring)
MPRegen 0.10/turn

%: guardian spirit
@: no status effects
A: fangs 2, magic shield, antimagic bite, no potion heal 2
a: no special abilities


You were on level 2 of the Dungeon.
You visited 1 branch of the dungeon, and saw 2 of its levels.

You collected 41 gold pieces.

Inventory:

Hand Weapons
 a - a +0 falchion (weapon)
Armour
 b - a +0 leather armour
 f - a +0 ring mail (worn)
Jewellery
 e - a ring of see invisible
Scrolls
 c - 3 scrolls of identify {unknown}
 g - a scroll of amnesia {unknown}
Potions
 d - a potion of lignification {unknown}


   Skills:
 + Level 2.0 Fighting
 + Level 2.9 Long Blades
 + Level 0.1 Armour
 + Level 1.8 Dodging
 + Level 2.4 Spellcasting
 + Level 3.0 Conjurations


You had 4 spell levels left.
You knew the following spells:

 Your Spells              Type           Power      Damage    Failure   Level
a - Kiss of Death         Conj/Necr      20%        2d7       26%         1

Your spell library contained the following spells:

 Spells                   Type           Power      Damage    Failure   Level
 Shock                    Conj/Air       20%        1d4       26%         1
 Momentum Strike          Conj/Tloc      10%        3d8       38%         2
 Hailstorm                Conj/Ice       5%         3d4       63%         3
 Swiftness                Air            1%         N/A       83%         3
 Airstrike                Air            0%         2d(1-17)  99%         4


Dungeon Overview and Level Annotations

Branches:
Dungeon (2/15)

Altars:

Annotations:
D:2 Robin


Innate Abilities, Weirdness & Mutations

You have extremely sharp teeth.
When hurt, damage is shared between your health and your magic reserves.
Your bite disrupts and absorbs the magic of your enemies.
Potions cannot restore your health.


Message History

Magic restored.
Things that are here:
a +0 club; a goblin corpse You see here a dart slug corpse.
You see here 2 stones.
Things that are here:
a +0 dagger; a +0 club; a goblin corpse
There is a stone staircase leading down here.
You climb downwards.
Level annotation: Robin The goblin hits you with a +0 club.
The goblin closely misses you. The goblin hits you but does no damage.
The goblin completely misses you.
There is a stone staircase leading up here.
You closely miss the goblin. The goblin closely misses you.
The goblin completely misses you. The goblin hits you with a +0 club.
Robin throws the goblin at you! The goblin hits you with a +0 dagger.
The goblin barely misses you.
You slash the goblin!
You kill the goblin!
The goblin hits you but does no damage. The goblin closely misses you.
The goblin hits you but does no damage.
Robin hits you from afar with a +0 spear.
The goblin barely misses you.
The goblin hits you but does no damage. x2
Robin hits you from afar with a +0 spear.
The goblin barely misses you.
Things that are here:
a +0 dagger; 3 gold pieces You closely miss the goblin.
You bite the goblin.
You kill the goblin!
Robin throws the goblin at you! The goblin hits you but does no damage.
The goblin hits you with a +0 club.
The goblin hits you but does no damage. x2
The goblin barely misses you. The goblin misses you.
Robin roars a battlecry!
The goblins go into a battle-frenzy!
The goblin hits you with a +0 club. The goblin closely misses you.
The goblin attacks as you move away! The goblin hits you with a +0 club.
* * * LOW HITPOINT WARNING * * *
Robin hits you from afar with a +0 spear.
You die...

#...
#...########
#......?...#
#..........#
#..........#
#...P......#
#..P...g..#
#PP.g)@..#
#...gg...#
#......g.#
#........#
#........#
#........#
##########


You could see Robin and 4 goblins.

Vanquished Creatures
  A dart slug (D:1)
  9 goblins
  A hobgoblin (D:1)
11 creatures vanquished.

Notes
Turn   | Place    | Note
-------+----------+-------------------------------------------
     0 | D:1      | shadowstone the Vine Stalker Reaver began the quest for the
                  | Orb.
     0 | D:1      | Reached XP level 1. HP: 11/11 MP: 4/4
   335 | D:1      | Reached XP level 2. HP: 10/15 MP: 4/6
   431 | D:2      | Noticed Robin
   483 | D:2      | Slain by Robin

Illustrated notes

Levels and vault maps discovered:
D:1:      dpeg_arrival_circle_labyrinth_c, layout_loops_ring,
          shapermc_ecumenical_altar_notcrosses, serial_shops, shop,
          chequers_serial_rivers_micro_b, minmay_misc_feat_tiny
D:2:      layout_basic, serial_forest, infiniplex_forest_clump_diagonal,
          infiniplex_forest_clump_tiny, infiniplex_forest_clump_medium,
          infiniplex_forest_3_way, infiniplex_forest_end_3,
          infiniplex_forest_straight_4, minivault_5, uniq_robin

Skill      XL: |  1  2 |
---------------+-------+-----
Fighting       | 2 |  2.0
Long Blades    | |  2.9
Armour         | |  0.1
Dodging        | |  1.8
Spellcasting   | |  2.4
Conjurations   | |  3.0

Action                     || total
---------------------------++-------
  Melee: Falchion          ||    35
         Bite              ||     6
 Armour: Ring mail         ||    27
  Dodge: Dodged            ||    34

Table legend: (Time is in decaauts)
 A = Elapsed time spent in this place.
 B = Non-inter-level travel time spent in this place.
 C = Inter-level travel time spent in this place.
 D = Time resting spent in this place.
 E = Time spent auto-exploring this place.
 F = Levels seen in this place.
 G = Mean time per level.
                   A        B        C        D        E       F      G
               +--------+--------+--------+--------+--------+-----+--------+
         Total |    489 |    489 |      0 |     36 |    162 |   2 |  244.5 |
       Dungeon |    489 |    489 |      0 |     36 |    162 |   2 |  244.5 |
               +--------+--------+--------+--------+--------+-----+--------+

Top non-repeatable levels by time:
     D:1: 481 daAuts
     D:2: 7 daAuts
